 Dungeon Crawl Stone Soup version 0.27-a0-1196-g3e9cee4cb2 (webtiles) character file.

Game seed: 2389340344870283745

184156 Essalna the Warrior (level 19, -2/153 HPs)
             Began as a Djinni Venom Mage on May 29, 2021.
             Was the Champion of Makhleb.
             Killed from afar by an ice dragon (40 damage)
             ... with a blast of cold
             ... on level 3 of the Swamp.
             The game lasted 01:36:08 (39899 turns).

Essalna the Warrior (Djinni Venom Mage)            Turns: 39899, Time: 01:36:08

Health: -2/153     AC: 19    Str: 13    XL:     19   Next: 9%
Gold:   3549       EV: 22    Int: 31    God:    Makhleb [******] SH:  7 Dex: 16

rFire    + + +     SeeInvis .   Q - staff of fire
rCold    x x .     Faith    .   a - +2 buckler {AC+3}
rNeg     . . .     Spirit   .   J - +2 robe {Will+}
rPois    ∞         Reflect  .   L - +2 helmet "Siaru" {Str+4 Slay+3}
rElec    .         Harm     .   b - +1 cloak {rCorr}
rCorr    +         Rampage  .   N - +0 pair of gloves "Saskirr" {Will+ Str+2 Dex+3}
Will     +++..                  (boots unavailable)
Stlth    ++........             P - amulet of Ethics {*Corrode +Blink Regen+ Int+5}
HPRegen  1.35/turn              g - +4 ring of protection
MPRegen  0.00/turn              F - ring of fire

@: flying
A: sickness immunity, fire resistance 2, cold vulnerability 1, float, innate
caster, hp casting, extra vitality 1
a: Renounce Religion, Evoke Blink, Minor Destruction, Lesser Servant of Makhleb,
Major Destruction, Greater Servant of Makhleb


You were on level 3 of the Swamp.
You worshipped Makhleb.
Makhleb was exalted by your worship.
You visited 4 branches of the dungeon, and saw 26 of its levels.
You also visited: Sewer, Bailey and Gauntlet.

You collected 4277 gold pieces.
You spent 728 gold pieces at shops.

Inventory:

Hand Weapons
 k - a +1 vorpal flail
 v - the +10 trident "Wimmummo" {venom, Str+4 Dex+2}
   (You took it off a gnoll sergeant on level 7 of the Dungeon)

   It poisons the flesh of those it strikes.
   It affects your strength (+4).
   It affects your dexterity (+2).
 E - the +8 dire flail of Ovemihech {holy, Will+}
   (You found it in a bailey)

   It has been blessed by the Shining One to cause great damage to the undead
   and demons.
   It increases your willpower.
Armour
 a - a +2 buckler of protection (worn)
 b - a +1 cloak of preservation (worn)
 J - a +2 robe of willpower (worn)
 L - the +2 helmet "Siaru" (worn) {Str+4 Slay+3}
   (You found it on level 1 of the Lair of Beasts)

   It affects your strength (+4).
   It affects your accuracy and damage with ranged weapons and melee attacks
   (+3).
 M - the +0 helmet of the Stars {-Tele rElec rF+ rCorr}
   (You found it on level 1 of the Lair of Beasts)

   It protects you from fire.
   It insulates you from electricity.
   It prevents most forms of teleportation.
   It protects you from acid and corrosion.
 N - the +0 pair of gloves "Saskirr" (worn) {Will+ Str+2 Dex+3}
   (You found it on level 4 of the Lair of Beasts)

   It affects your strength (+2).
   It affects your dexterity (+3).
   It increases your willpower.
Magical Staves
 w - a staff of air
 Q - a staff of fire (weapon)
Jewellery
 g - a +4 ring of protection (left hand)
 h - a ring of see invisible
 l - the ring of Xysapsod {Ice rElec rN+ Will+ rCorr}
   (You found it in a Gauntlet)

   [ring of ice]

   It enhances your ice magic.
   It makes you vulnerable to fire.
   It protects you from cold.
   It insulates you from electricity.
   It protects you from negative energy.
   It protects you from acid and corrosion.
   It increases your willpower.
 t - a +4 ring of evasion
 z - a ring of protection from cold
 A - a +6 ring of intelligence
 F - a ring of fire (right hand)
 O - a +4 ring of evasion
 P - the amulet of Ethics (around neck) {*Corrode +Blink Regen+ Int+5}
   (You acquired it on level 1 of the Orcish Mines)

   [amulet of regeneration]

   It affects your intelligence (+5).
   It lets you blink.
   It increases your rate of health regeneration.
   It may corrode you when you take damage.
 V - a ring of protection from cold
Wands
 y - a wand of mindburst (12)
 S - a wand of digging (4)
 U - a wand of iceblast (8)
Scrolls
 d - 3 scrolls of vulnerability
 i - a scroll of brand weapon {unknown}
 m - 4 scrolls of enchant weapon
 n - a scroll of magic mapping
 o - a scroll of holy word {unknown}
 s - 6 scrolls of immolation
 x - 14 scrolls of teleportation
 B - a scroll of summoning
 D - 3 scrolls of enchant armour
 G - 15 scrolls of identify
 R - 2 scrolls of fear
 W - a scroll of silence
Potions
 c - 2 potions of haste
 e - 6 potions of lignification
 f - 5 potions of attraction
 j - 10 potions of curing
 p - a potion of brilliance
 q - a potion of might
 r - 3 potions of heal wounds
 u - a potion of invisibility
 C - 3 potions of degeneration
 H - 2 potions of mutation {unknown}
 I - 5 potions of resistance
 K - 3 potions of cancellation {unknown}
 T - a potion of ambrosia {unknown}
 X - a potion of berserk rage {unknown}


   Skills:
 + Level 19.0 Fighting
 - Level 10.5 Armour
 + Level 16.7 Dodging
 - Level 1.5 Stealth
 - Level 4.0 Shields
 + Level 15.2 Spellcasting


You couldn't memorise any spells.
You knew the following spells:

 Your Spells              Type           Power      Damage    Failure   Level
a - Sting                 Tmut/Pois      100%       1d8       0%          1
b - Poisonous Vapours     Pois/Air       100%       N/A       0%          2
c - Mephitic Cloud        Conj/Pois/Air  87%        N/A       0%          3
d - Ignite Poison         Fire/Tmut/Pois 100%       N/A       0%          3
e - Olgreb's Toxic Radia  Pois           87%        N/A       1%          4
f - Apportation           Tloc           100%       N/A       0%          1
g - Blink                 Tloc           N/A        N/A       0%          2
h - Vampiric Draining     Necr           43%        2d12      0%          3
i - Gell's Gravitas       Tloc           43%        N/A       0%          3
j - Summon Forest         Summ/Tloc      43%        N/A       1%          5
k - Manifold Assault      Tloc           87%        N/A       1%          5
l - Iron Shot             Conj/Erth      43%        9d8       1%          6
m - Starburst             Conj/Fire      66%        8x6d17    1%          6
n - Freezing Cloud        Conj/Ice/Air   43%        6-21      1%          6
Your spell library was empty.

Dungeon Overview and Level Annotations

Branches:
Dungeon (15/15)            Temple (0/1) D:5            Lair (6/6) D:8
  Swamp (3/4) Lair:4        Snake (0/4) Lair:4        Slime (0/5) Lair:6
    Orc (2/2) D:10            Elf (0/3) Orc:2        Vaults (0/5) D:14
 Depths (0/5) D:15          Sewer (visited)          Bailey (visited)
Gauntlet (visited)

Altars:
Fedhas
Makhleb
Nemelex Xobeh
Ru
Vehumet
Zin
Beogh
Jiyva

Shops:
D:1 [   D:5 [   D:12 (   D:14 !   Orc:1 ?   Orc:2 [*:(

Portals:
Trove: D:11 (give 2 scrolls of acquirement)


Innate Abilities, Weirdness & Mutations

You are immune to sickness and miasma.
You are immune to poison.
Your flesh is very heat resistant. (rF++)
You are vulnerable to cold. (rC-)
You float through the air rather than walking.
You learn spells naturally, not from books.
Your magical power is your life essence.
You have superior vitality. (+4 HP)


Message History

You feel a strong surge of power!
The mangrove smoulders and burns.
The bolt of fire hits the bog body!
The bog body resists.
The bog body is heavily damaged.
The mangrove smoulders and burns.
The bolt of fire hits the six-headed hydra simulacrum!!!!
The six-headed hydra simulacrum melts!
The six-headed hydra simulacrum vapourises!
Makhleb accepts your kill.
You feel better.
You hear a sizzling sound!
The mangrove smoulders and burns. x3
Casting: Starburst (mildly dangerous; 1% risk of failure)
Confirm with . or Enter, or press ? or * to list all spells.
Casting: Starburst (mildly dangerous; 1% risk of failure)
Press: ? - help, Dir - look around, f - activate You feel a strong surge of power!
The bolt of fire hits the bog body!!
The bog body resists.
You destroy the bog body!
Makhleb accepts your kill.
You feel better.
The bolt of fire hits the bog body!!
The bog body resists.
The bog body is heavily damaged.
The mangrove smoulders and burns. x4; The bog body touches you.
The bog body freezes you!!
You feel a terrible chill! The ice dragon breathes frost at you.
The blast of cold misses you.
You hear a sizzling sound!
Casting: Starburst (mildly dangerous; 1% risk of failure)
Confirm with . or Enter, or press ? or * to list all spells.
Casting: Starburst (mildly dangerous; 1% risk of failure)
Press: ? - help, Dir - look around, f - activate You feel a strong surge of power!
The mangrove smoulders and burns.
The bolt of fire hits the bog body!!
The bog body resists.
You destroy the bog body!
Makhleb accepts your kill.
You feel better.
The mangrove smoulders and burns.
You are engulfed in freezing vapours.
* * * LOW HITPOINT WARNING * * *
The ice dragon breathes frost at you. The blast of cold hits you!!!
You feel a terrible chill!
You die...

♣≈≈≈≈≈.≈≈≈...≈§≈≈≈.≈≈........
♣.≈≈§≈§...≈♣≈.≈≈≈"≈♣..≈)..♣♣♣
♣♣.≈≈..≈≈≈≈.≈≈....≈≈....≈♣♣
♣♣.♣≈♣§...≈≈...≈...♣.....♣
♣♣♣♣ ♣.≈≈≈§....§≈≈.♣♣♣.♣♣
♣♣○♣♣....≈≈....♣♣♣♣
♣♣♣.♣§♣..≈....≈♣
♣♣♣...§§§.♣≈≈..≈≈♣♣
♣..§...@§☼§≈...≈♣.♣♣♣
.(..≈....♣..≈.≈.....♣♣
♣♣$..§..♣§≈♣♣♣≈...≈.≈♣
♣..D..≈.♣♣§♣ ♣♣♣.♣♣.♣♣
♣♣♣.(..§♣ ♣§♣ ♣♣♣♣♣♣ ♣§.♣?.§♣
♣♣ ♣♣♣♣.♣♣♣ ♣♣


You could see an ice dragon (catching breath).

Vanquished Creatures
  Kirke (Lair:6)
  A thorn hunter (Swamp:2)
  2 fenstrider witches (Swamp:1)
  Aizul (Swamp:1)
  An orc warlord (Orc:2)
  A stone giant (D:15)
  A minotaur (Gauntlet)
  2 bunyips (Swamp:2)
  A fire dragon (D:15)
  Josephine (Lair:4)
  An ice dragon (Lair:4)
  A vault guard (D:11)
  A rakshasa (D:14)
  A shambling mangrove (Swamp:1)
  5 boulder beetles
  15 hydras
  A ghost crab (Swamp:1)
  An ogre mage (D:15)
  7 catoblepae
  11 two-headed ogres
  A centaur warrior (D:13)
  The ghost of martbhell the Cleaver, a novice MiBe of Trog (D:7)
  9 death yaks (Lair:6)
  4 tengu warriors
  3 alligators
  3 death knights
  Urug (D:13)
  5 orc high priests (Orc:2)
  8 spriggans
  2 spriggan berserkers (Swamp:2)
  12 skeletal warriors
  Nergalle (Lair:4)
  The ghost of Gilette the Spear-Bearer, a novice MfGl of Okawaru (D:10)
  4 goliath frogs
  A spriggan druid (Swamp:2)
  4 swamp dragons
  A death drake (Gauntlet)
  10 bog bodies
  4 orc knights
  A wizard (D:12)
  7 deep elf pyromancers
  A necromancer (D:14)
  A wolf spider zombie (Gauntlet)
  3 orc sorcerers (Orc:2)
  4 will-o-the-wisps
  20 ugly things
  7 manticores
  16 elephants
  2 centaur zombies
  3 cyclopes
  A spectral centaur (Gauntlet)
  A moth of wrath (Gauntlet)
  5 black mambas
  8 cane toads
  A gargoyle (D:12)
  An unseen horror (D:13)
  2 rime drakes (Lair:4)
  A komodo dragon (shapeshifter) (D:13)
  An unseen horror (shapeshifter) (D:14)
  3 freezing wraiths
  A tengu conjurer (D:14)
  8 komodo dragons
  3 efreet
  A bloated husk (Swamp:1)
  A troll (shapeshifter) (D:14)
  5 polar bears
  11 trolls
  2 wolf spider simulacra (Gauntlet)
  8 meliai
  5 tyrant leeches
  8 hornets
  7 blink frogs
  A meliai zombie (D:11)
  7 slime creatures
  3 centaur simulacra
  10 wraiths
  A tarantella (shapeshifter) (D:8)
  A wyvern (Lair:5)
  5 shadows
  59 yaks
  A vampire (D:12)
  3 hogs (Lair:6)
  Grum (D:7)
  14 vampire mosquitoes
  8 basilisks
  3 steam dragons
  2 nagas (Lair:4)
  5 acid dragons
  6 wargs
  10 swamp worms
  3 hydra simulacra
  11 water moccasins
  6 swamp drakes
  A sky beast (D:6)
  2 black bears
  An ice beast (D:5)
  46 orc warriors
  14 ogres
  16 wolves
  21 centaurs
  A phantom (D:5)
  11 kobold brigands
  12 bullfrogs
  5 gnoll sergeants
  2 scorpions (Lair:1)
  3 water moccasin zombies
  2 wyvern skeletons
  11 killer bees (D:9)
  A vampire bat (Lair:2)
  7 howler monkeys
  2 electric eels
  A bullfrog zombie (D:7)
  2 jellies (D:4)
  3 hounds
  2 centaur skeletons
  5 gnoll shamans
  8 orc priests
  A bullfrog skeleton (D:5)
  17 orc wizards
  8 iguanas
  A scorpion zombie (D:5)
  2 killer bee zombies
  3 howler monkey zombies
  Robin (D:4)
  43 gnolls
  6 adders
  A howler monkey skeleton (D:7)
  2 river rats
  2 white imps
  3 ufetubi
  4 worms
  A dart slug (D:2)
  93 orcs
  14 bats
  14 endoplasms
  2 giant cockroaches (D:3)
  17 goblins
  4 hobgoblins
  27 jackals
  8 kobolds
  A quokka (D:3)
  7 ball pythons
  2 frilled lizards
  A jackal skeleton (D:4)
  11 rats
  13 briar patches (Swamp:2)
928 creatures vanquished.

Vanquished Creatures (others)
  A bloated husk (Swamp:2)
  A water moccasin (D:8)
  A briar patch (Swamp:2)
  8 foxfires
  30 fungi
  91 plants
  A snaplasher vine (Lair:3)
133 creatures vanquished.

Grand Total: 1061 creatures vanquished

Notes
Turn   | Place    | Note
-------+----------+-------------------------------------------
     0 | D:1      | Essalna the Djinni Venom Mage began the quest for the Orb.
     0 | D:1      | Reached XP level 1. HP: 15/15 MP: 0/0
   349 | D:1      | Found a faded altar of an unknown god.
   365 | D:1      | Reached skill level 1 in Fighting
   365 | D:1      | Reached XP level 2. HP: 20/22 MP: 0/0
   704 | D:1      | Found Hobixzeah's Armour Boutique.
  1101 | D:2      | Reached XP level 3. HP: 16/27 MP: 0/0
  1101 | D:2      | Learned a level 1 spell: Apportation
  1230 | D:2      | Reached skill level 2 in Fighting
  1328 | D:2      | Reached XP level 4. HP: 26/33 MP: 0/0
  2149 | D:2      | Reached XP level 5. HP: 35/40 MP: 0/0
  2149 | D:2      | Learned a level 2 spell: Blink
  3003 | D:3      | Reached skill level 3 in Fighting
  3190 | D:3      | Found a glowing drain.
  3209 | Sewer    | Entered a sewer
  3367 | Sewer    | Noticed a kobold brigand
  3388 | Sewer    | Killed a kobold brigand
  3389 | Sewer    | Reached XP level 6. HP: 28/47 MP: 0/0
  3590 | Sewer    | Reached skill level 4 in Fighting
  3962 | Sewer    | Reached XP level 7. HP: 43/53 MP: 0/0
  3962 | Sewer    | Learned a level 3 spell: Vampiric Draining
  4272 | Sewer    | Reached skill level 5 in Fighting
  4871 | D:3      | Reached skill level 5 in Spellcasting
  5020 | D:3      | Reached XP level 8. HP: 45/60 MP: 0/0
  5332 | D:3      | Reached skill level 6 in Fighting
  6693 | D:3      | Reached skill level 7 in Fighting
  7652 | D:4      | Noticed Robin
  7655 | D:4      | Killed Robin
  7656 | D:4      | Reached XP level 9. HP: 54/68 MP: 0/0
  7656 | D:4      | Learned a level 3 spell: Gell's Gravitas
  7916 | D:4      | Found a burning altar of Makhleb.
  7943 | D:4      | Became a worshipper of Makhleb the Destroyer
  8844 | D:5      | Entered Level 5 of the Dungeon
  9141 | D:5      | Found a staircase to the Ecumenical Temple.
  9152 | D:5      | Reached skill level 8 in Fighting
  9594 | D:5      | Reached * piety under Makhleb
 10483 | D:6      | Found a blossoming altar of Fedhas.
 10493 | D:6      | Reached skill level 9 in Fighting
 11077 | D:6      | Reached XP level 10. HP: 65/78 MP: 0/0
 11805 | D:5      | Found Jaxkogub's Antique Armour Shop.
 12763 | D:7      | Found a transporter.
 12764 | D:7      | Identified the ring "Duikhlig" {Fly rPois rC- rN+ Dex+6}
 12780 | D:7      | Noticed martbhell's ghost (novice MiBe)
 12780 | D:7      | Noticed Grum
 12823 | D:7      | Identified the +10 trident "Wimmummo" {venom, Str+4 Dex+2}
 12831 | D:7      | Found a transporter.
 13151 | D:7      | Found a sparkling altar of Nemelex Xobeh.
 13162 | D:7      | Identified the +7 hunting sling "Rageso" {venom, Dex+3
                  | Stlth+}
 13214 | D:7      | Reached ** piety under Makhleb
 13687 | D:7      | Killed Grum
 13700 | D:7      | Killed martbhell's ghost
 13990 | D:8      | Found a flagged portal.
 14024 | Bailey   | Entered a bailey
 14030 | Bailey   | Reached skill level 10 in Fighting
 14188 | Bailey   | Reached XP level 11. HP: 85/86 MP: 0/0
 14188 | Bailey   | Learned a level 5 spell: Summon Forest
 14612 | Bailey   | Reached skill level 11 in Fighting
 14664 | Bailey   | Reached *** piety under Makhleb
 15007 | Bailey   | Identified the +8 dire flail of Ovemihech {holy, Will+}
 15220 | D:8      | Noticed a two-headed ogre
 15227 | D:8      | Killed a two-headed ogre
 15228 | D:8      | Reached skill level 10 in Spellcasting
 15471 | D:8      | Reached skill level 12 in Fighting
 15750 | D:8      | Noticed a manticore
 15750 | D:8      | Noticed a purple ugly thing
 15753 | D:8      | Identified the +9 long sword of Eternal Vigilance
                  | {antimagic, rN+}
 15767 | D:8      | Killed a purple ugly thing
 15773 | D:8      | Killed a manticore
 16014 | D:8      | Noticed a five-headed hydra
 16014 | D:8      | Noticed a catoblepas
 16026 | D:8      | Killed a five-headed hydra
 16331 | D:8      | Killed a catoblepas
 16332 | D:8      | Reached skill level 13 in Fighting
 16827 | D:8      | Reached XP level 12. HP: 66/98 MP: 0/0
 17065 | D:8      | Found a staircase to the Lair.
 17457 | Lair:1   | Entered Level 1 of the Lair of Beasts
 17531 | Lair:1   | Identified the +0 helmet of the Stars {-Tele rElec rF+
                  | rCorr}
 17541 | Lair:1   | Identified the +2 helmet "Siaru" {Str+4 Slay+3}
 17970 | Lair:1   | Reached skill level 14 in Fighting
 18900 | Lair:2   | Reached **** piety under Makhleb
 19156 | Lair:2   | Noticed a six-headed hydra
 19163 | Lair:2   | Killed a six-headed hydra
 19482 | Lair:2   | Reached skill level 15 in Fighting
 20367 | Lair:3   | Reached skill level 1 in Armour
 20896 | Lair:3   | Noticed a six-headed hydra
 20910 | Lair:3   | Killed a six-headed hydra
 21422 | Lair:4   | Found a staircase to the Snake Pit.
 21481 | Lair:4   | Noticed an ice dragon
 21494 | Lair:4   | Killed an ice dragon
 21601 | Lair:4   | Reached XP level 13. HP: 69/108 MP: 0/0
 21601 | Lair:4   | Learned a level 5 spell: Manifold Assault
 21694 | Lair:4   | Noticed Josephine
 22062 | Lair:4   | Found a staircase to the Swamp.
 22404 | Lair:4   | Reached skill level 5 in Dodging
 22544 | Lair:4   | Killed Josephine
 23114 | Lair:4   | Noticed a four-headed hydra
 23120 | Lair:4   | Killed a four-headed hydra
 23374 | Lair:4   | Noticed Nergalle
 23384 | Lair:4   | Killed Nergalle
 23391 | Lair:4   | Identified the +0 pair of gloves "Saskirr" {Will+ Str+2
                  | Dex+3}
 23767 | Lair:5   | Reached skill level 5 in Armour
 24120 | Lair:5   | Noticed a seven-headed hydra
 24139 | Lair:5   | Killed a seven-headed hydra
 24508 | Lair:5   | Reached skill level 16 in Fighting
 24606 | Lair:5   | Reached ***** piety under Makhleb
 24609 | Lair:5   | Reached XP level 14. HP: 116/116 MP: 0/0
 25269 | Lair:6   | Entered Level 6 of the Lair of Beasts
 25440 | Lair:6   | Noticed Kirke
 25447 | Lair:6   | Killed Kirke
 25726 | Lair:6   | Identified the +7 flail of Fear {flame, *Rage Fly rElec
                  | rF+}
 26393 | Lair:6   | Found a viscous altar of Jiyva.
 26393 | Lair:6   | Found a staircase to the Slime Pits.
 26603 | Lair:6   | Identified Rennioc's Tome of Unstable Companions
 26990 | D:9      | Reached XP level 15. HP: 97/122 MP: 0/0
 26990 | D:9      | Learned a level 6 spell: Iron Shot
 27409 | D:9      | Found a sacrificial altar of Ru.
 28093 | D:10     | Entered Level 10 of the Dungeon
 28194 | D:10     | Found a runed translucent gate.
 28194 | D:10     | Found a runed translucent gate.
 28195 | D:10     | Found a runed translucent gate.
 28541 | D:10     | Identified a scroll of acquirement
 28541 | D:10     | Acquired a manual of Dodging
 28626 | D:10     | Reached ****** piety under Makhleb
 28942 | D:10     | Found a staircase to the Orcish Mines.
 29150 | D:10     | Noticed Gilette's ghost (novice MfGl)
 29344 | D:10     | Killed Gilette's ghost
 29658 | D:11     | Reached skill level 10 in Dodging
 30038 | D:11     | Found a gate leading to a gauntlet.
 30042 | D:11     | Reached skill level 17 in Fighting
 30051 | Gauntlet | Entered a Gauntlet
 30051 | Gauntlet | Found a transporter.
 30051 | Gauntlet | Found a transporter.
 30051 | Gauntlet | Found a runed translucent door.
 30051 | Gauntlet | Found a runed translucent door.
 30117 | Gauntlet | Found a transporter.
 30121 | Gauntlet | Found a large runed translucent door.
 30122 | Gauntlet | Found a large runed translucent door.
 30123 | Gauntlet | Found a large runed translucent door.
 30123 | Gauntlet | Found a large runed translucent door.
 30123 | Gauntlet | Found a large runed translucent door.
 30123 | Gauntlet | Found a large runed translucent door.
 30123 | Gauntlet | Found a large runed translucent door.
 30123 | Gauntlet | Found a large runed translucent door.
 30124 | Gauntlet | Found a runed translucent door.
 30124 | Gauntlet | Found a runed translucent gate.
 30125 | Gauntlet | Found a runed translucent gate.
 30125 | Gauntlet | Found a transporter.
 30125 | Gauntlet | Found a transporter.
 30125 | Gauntlet | Found a transporter.
 30128 | Gauntlet | Found a transporter.
 30128 | Gauntlet | Found a transporter.
 30144 | Gauntlet | Found a transporter.
 30163 | Gauntlet | Found a runed translucent gate.
 30164 | Gauntlet | Found a transporter.
 30164 | Gauntlet | Found a runed translucent gate.
 30165 | Gauntlet | Found a runed translucent gate.
 30174 | Gauntlet | Found a transporter.
 30191 | Gauntlet | Found a transporter.
 30204 | Gauntlet | Found a large runed translucent door.
 30205 | Gauntlet | Found a large runed translucent door.
 30206 | Gauntlet | Found a large runed translucent door.
 30206 | Gauntlet | Found a large runed translucent door.
 30206 | Gauntlet | Found a large runed translucent door.
 30206 | Gauntlet | Found a large runed translucent door.
 30207 | Gauntlet | Found a runed translucent gate.
 30207 | Gauntlet | Found a large runed translucent door.
 30207 | Gauntlet | Found a runed translucent door.
 30207 | Gauntlet | Found a large runed translucent door.
 30212 | Gauntlet | Found a transporter.
 30230 | Gauntlet | Found a transporter.
 30942 | Gauntlet | Identified the +4 morningstar of Mekhlyrch {elec, Str+2}
 30974 | Gauntlet | Identified the +8 mace of Jehiahov {freeze, Fly}
 30974 | Gauntlet | Identified the ring of Xysapsod {Ice rElec rN+ Will+ rCorr}
 30992 | Gauntlet | Reached XP level 16. HP: 91/130 MP: 0/0
 31329 | D:11     | Found a portal to a secret trove of treasure.
 31452 | D:12     | Identified the +1 helmet of Lugoud {*Corrode rElec rC++
                  | Int-3}
 33110 | D:12     | Reached XP level 17. HP: 119/137 MP: 0/0
 33110 | D:12     | Learned a level 6 spell: Starburst
 33175 | D:12     | Found Uliosy's Weapon Shoppe.
 33203 | D:12     | Reached skill level 10 in Armour
 33755 | D:13     | You are sucked into a shaft and drop 1 floor!
 34121 | D:14     | Found Epnuf's Distillery.
 34719 | D:13     | Noticed Urug
 34723 | D:13     | Killed Urug
 34728 | D:13     | Reached skill level 1 in Shields
 35272 | D:13     | Found a glowing silver altar of Zin.
 35445 | D:14     | Found a gate to the Vaults.
 35763 | D:15     | Entered Level 15 of the Dungeon
 35778 | D:15     | Reached skill level 18 in Fighting
 36248 | D:15     | Found a staircase to the Depths.
 36253 | D:15     | Reached XP level 18. HP: 115/145 MP: 0/0
 36597 | Orc:1    | Entered Level 1 of the Orcish Mines
 36766 | Orc:1    | Found Naaruos's Magic Scroll Boutique.
 36941 | Orc:1    | Bought a scroll of acquirement for 728 gold pieces
 37303 | Orc:1    | Acquired the amulet of Ethics {*Corrode +Blink Regen+
                  | Int+5}
 37323 | Orc:2    | Entered Level 2 of the Orcish Mines
 37406 | Orc:2    | Reached skill level 15 in Dodging
 37406 | Orc:2    | Found a staircase to the Elven Halls.
 37438 | Orc:2    | Found Xiucelih's Book Shop.
 37606 | Orc:2    | Found Wyfob's Antique Armour Shoppe.
 37625 | Orc:2    | Found Niyrodd's General Store.
 37753 | Orc:2    | Found Jiwim's Antique Weapon Emporium.
 38461 | Swamp:1  | Entered Level 1 of the Swamp
 38568 | Swamp:1  | Noticed Aizul
 38576 | Swamp:1  | Killed Aizul
 38767 | Swamp:1  | Reached skill level 15 in Spellcasting
 38841 | Swamp:1  | Identified the +6 war axe of Painful Death {freeze, rCorr
                  | Dex+2}
 39812 | Swamp:3  | Reached XP level 19. HP: 146/152 MP: 0/0
 39812 | Swamp:3  | Learned a level 6 spell: Freezing Cloud
 39813 | Swamp:3  | Reached skill level 19 in Fighting
 39899 | Swamp:3  | Killed from afar by an ice dragon

Illustrated notes

Levels and vault maps discovered:
D:1:      amcnicky_arrival_abandoned_market, layout_rooms, serial_shops, shop,
          shapermc_ecumenical_altar_mp_ritualfount
D:2:      cheibrodos_pilgrimage, layout_loops_corners, basic_altar
D:3:      lemuel_castle_with_subvaults [lemuel_castle_interior_original],
          layout_loops_corners, portal_sewer_entry_e, grunt_decor_junction
D:4:      layout_loops_ring, lemuel_coloured_pillars_altar, uniq_robin
D:5:      kennysheep_windowed_halls, layout_rooms, minmay_temple_entry_trees,
          serial_bayou, serial_bayou_crossing, serial_bayou_lagoon_a,
          serial_bayou_pond_c, serial_bayou_pond_a, serial_shops, shop_fountains
D:6:      layout_cave_pools, lemuel_crystal_altar, chequers_avenue,
          chequers_serial_rivers_micro_d
D:7:      layout_cave_pools, kennysheep_little_box,
          gammafunk_ghost_gnarly_gnolls
D:8:      minmay_chambers_of_sevens, layout_basic, david_lair_shrubbed,
          enter_bailey_5
D:9:      layout_basic, lemuel_crystal_altar
D:10:     layout_roguey, kennysheep_orc_monster_closet_entryway,
          gammafunk_ghost_spectres
D:11:     layout_roguey, gauntlet_entry_generic, enter_trove_5,
          minmay_misc_feat_nine_boxes
D:12:     minmay_the_grid_square_5x5_5x5 [minmay_the_grid_square_5x5_shrine1,
          minmay_the_grid_square_5x5_slash, minmay_the_grid_square_5x5_tie,
          minmay_the_grid_square_5x5_six_small,
          minmay_the_grid_square_5x5_empty,
          minmay_the_grid_square_5x5_tri_point,
          minmay_the_grid_square_5x5_prize_snowflake,
          minmay_the_grid_square_5x5_bridge,
          minmay_the_grid_square_5x5_prize_junk,
          minmay_the_grid_square_5x5_three_walls,
          minmay_the_grid_square_5x5_tetrominoes,
          minmay_the_grid_square_5x5_two_walls_a,
          minmay_the_grid_square_5x5_prize_rear_guard,
          minmay_the_grid_square_5x5_comb, minmay_the_grid_square_5x5_minimal,
          minmay_the_grid_square_5x5_minivault,
          minmay_the_grid_square_5x5_prize_gold,
          minmay_the_grid_square_5x5_eight,
          minmay_the_grid_square_5x5_prize_waves,
          minmay_the_grid_square_5x5_inner_z,
          minmay_the_grid_square_5x5_doubleslash,
          minmay_the_grid_square_5x5_fancy_junction,
          minmay_the_grid_square_5x5_spiral_small,
          minmay_the_grid_square_5x5_percent, minmay_the_grid_square_5x5_three],
          layout_basic, serial_shops, shop
D:13:     layout_loops_ring, zin_treasury, uniq_urug
D:14:     layout_basic, david_vaults_4, grunt_decor_clamped, serial_shops, shop
D:15:     grunt_enter_depths_snipers, layout_rooms, corexii_corridor_pit
Lair:1:   layout_loops_ring, nicolae_quartered_pool_little, grunt_megastairs_5
Lair:2:   layout_loops_ring, small_statue_intersection, roderic_batcave,
          st_stairs_8
Lair:3:   layout_gridlike
Lair:4:   dragon1_lemuel, layout_long_grid, minmay_swamp_entry_swarm,
          guppyfry_snake_entry_island, portal_ice_cave_rime, uniq_josephine,
          uniq_nergalle
Lair:5:   layout_gridlike, minivault_25
Lair:6:   evilmike_catoblepas_cave, layout_regular_city,
          dpeg_slime_entry_enclosed_altar, serial_bayou_pond_e, uniq_kirke
Swamp:1:  layout_falls_marsh, evilmike_swamp_ruin_house_4, uniq_aizul
Swamp:2:  layout_basic_swamp, hangedman_swamp_ruin_wall,
          nicolae_swamp_soggy_hallways, infiniplex_staircase_pool_2
Swamp:3:  cheibrodos_swamp_mausoleum, layout_basic_swamp, serial_swamp_ruin,
          evilmike_swamp_ruin_house_6, evilmike_swamp_ruin_house_1, swamp_pool2,
          hangedman_swamp_double_dragon
Orc:1:    layout_caves, basic_altar, serial_shops, shop_statue
Orc:2:    grunt_orc_gardens, layout_caves, grunt_orc_garden, grunt_orc_garden,
          grunt_orc_garden, grunt_orc_garden

Skill      XL: |  1  2  3  4  5  6  7  8  9 10 11 12 13 14 15 16 17 18 19 |
---------------+----------------------------------------------------------+-----
Fighting       | 1 2 3 4 5 7 9 10 13 15 16 17 18 19 | 19.0
Spellcasting   | 3 4 5 6 7 9 10 11 12 13 14 15 | 15.2
Armour         | 3 6 8 9 10 | 10.5
Dodging        | 4 7 9 10 12 14 16 | 16.7
Shields        | 4 |  4.0
Stealth        | |  1.5

Action                   |  1- 3 |  4- 6 |  7- 9 | 10-12 | 13-15 | 16-18 | 19-21 || total
-------------------------+-------+-------+-------+-------+-------+-------+-------++-------
Melee: Unarmed           |     2 |     2 |       |       |       |       |       ||     4
       Flail             |       |     6 |    92 |    69 |       |       |       ||   167
       Trident           |       |       |       |    27 |       |       |       ||    27
       Dire flail        |       |       |       |    92 |   225 |     4 |       ||   321
       Staff             |       |       |       |       |       |    10 |     1 ||    11
 Cast: Sting             |    44 |    44 |   100 |    81 |    32 |     7 |       ||   308
       Poisonous Vapours |       |    72 |   207 |   143 |    65 |       |       ||   487
       Olgreb's Toxic Ra |       |       |    10 |    25 |    47 |     3 |       ||    85
       Ignite Poison     |       |       |    13 |    56 |    81 |     4 |       ||   154
       Vampiric Draining |       |       |     1 |    17 |       |       |       ||    18
       Gell's Gravitas   |       |       |     1 |     1 |       |       |       ||     2
       Mephitic Cloud    |       |       |       |     6 |     6 |     1 |       ||    13
       Summon Forest     |       |       |       |     1 |       |       |       ||     1
       Manifold Assault  |       |       |       |       |    83 |       |       ||    83
       Iron Shot         |       |       |       |       |    65 |    96 |       ||   161
       Starburst         |       |       |       |       |       |   259 |    11 ||   270
Evoke: Wand              |       |       |       |     4 |       |       |       ||     4
  Use: Scroll            |       |     4 |     9 |     6 |     8 |     1 |       ||    28
       Potion            |       |       |     3 |     6 |     3 |       |       ||    12
Armor: Robe              |     7 |     5 |    39 |    90 |    78 |    55 |     3 ||   277
Dodge: Dodged            |    18 |    15 |    98 |   292 |   257 |   126 |     9 ||   815
Block: Buckler           |       |       |       |       |       |    27 |     2 ||    29

Table legend: (Time is in decaauts)
 A = Elapsed time spent in this place.
 B = Non-inter-level travel time spent in this place.
 C = Inter-level travel time spent in this place.
 D = Time resting spent in this place.
 E = Time spent auto-exploring this place.
 F = Levels seen in this place.
 G = Mean time per level.
                   A        B        C        D        E       F      G
               +--------+--------+--------+--------+--------+-----+--------+
         Total |  40086 |  38344 |   1742 |    382 |  33022 |  29 | 1382.3 |
       Dungeon |  23640 |  22678 |    962 |    382 |  19507 |  15 | 1576.0 |
          Lair |   9609 |   8982 |    627 |      0 |   8016 |   6 | 1601.5 |
         Swamp |   1438 |   1373 |     65 |      0 |   1106 |   3 |  479.3 |
  Orcish Mines |   1612 |   1525 |     87 |      0 |   1232 |   2 |  806.0 |
         Sewer |   1595 |   1595 |      0 |      0 |   1384 |   1 | 1595.0 |
        Bailey |   1121 |   1121 |      0 |      0 |    907 |   1 | 1121.0 |
      Gauntlet |   1070 |   1070 |      0 |      0 |    869 |   1 | 1070.0 |
               +--------+--------+--------+--------+--------+-----+--------+

Top non-repeatable levels by time:
     D:3: 3021 daAuts
  Lair:4: 2534 daAuts
     D:8: 2460 daAuts
    D:12: 2072 daAuts
     D:5: 2030 daAuts
     D:6: 1783 daAuts
     D:2: 1776 daAuts
  Lair:2: 1675 daAuts
   Sewer: 1595 daAuts
  Lair:5: 1534 daAuts
    D:10: 1483 daAuts
  Lair:6: 1418 daAuts
    D:14: 1415 daAuts
  Lair:1: 1411 daAuts
     D:4: 1371 daAuts
